 Dungeon Crawl Stone Soup version 0.31-a0-981-geadf994542 (webtiles) character file.

Game seed: 10002498750926884938

28 Dirtsage the Insei (level 3, -1/23 HPs)
             Began as an Octopode Shapeshifter on Oct 31, 2023.
             Slain by Terence
             ... wielding a +1 hand axe of freezing
              (4 damage)
             ... on level 3 of the Dungeon.
             The game lasted 00:02:52 (1643 turns).

Dirtsage the Insei (Octopode Shapeshifter)          Turns: 1643, Time: 00:02:52

Health: -1/23      AC:  1    Str: 13    XL:     3   Next: 12%
Magic:  3/3        EV: 13    Int: 12    God:
Gold:   147        SH:  0    Dex: 13    Spells: 2/2 levels left

rFire   . .          .
                       - Unarmed
rCold   . . .        (no shield)
rNeg    . . .        (helmet currently unavailable)
rPois   .            (no amulet)
rElec   .            (no ring)
rCorr   .            (no ring)
SInv    .            (no ring)
Will    .....        (no ring)
Stlth   ++           (no ring)
HPRegen 0.23/turn    (no ring)
MPRegen 0.08/turn    (no ring)
                     (no ring)

%: no passive effects
@: beast-form
A: beast (slay +1), almost no armour, amphibious, 8 rings, camouflage 1,
gelatinous body 1, (nimble swimmer 1), tentacles
a: Begin Untransformation


You were on level 3 of the Dungeon.
You were a hulking beast.
You visited 1 branch of the dungeon, and saw 4 of its levels.

You collected 147 gold pieces.

Inventory:

Jewellery
 f - an amulet of faith
Talismans
 b - a beast talisman
 c - a flux talisman
Scrolls
 g - 2 scrolls of blinking {unknown}
 h - 2 scrolls of teleportation {unknown}
 l - 2 scrolls of enchant armour {unknown}
 m - a scroll of noise {unknown}
 n - a scroll of identify {unknown}
Potions
 a - a potion of lignification
 d - a potion of heal wounds {unknown}
 e - a potion of degeneration {unknown}
 i - a potion of curing {unknown}
 j - a potion of might {unknown}
 k - 2 potions of mutation {unknown}
 o - a potion of resistance {unknown}


   Skills:
 + Level 1.5 Fighting
 - Level 2.0 Dodging
 * Level 3.5 Unarmed Combat
 * Level 3.4 Shapeshifting


You had 2 spell levels left.
You didn't know any spells.
Your spell library contained the following spells:

 Spells                   Type           Power      Damage    Failure   Level
 Necrotise                Necr           0%         1d4       32%         1
 Sting                    Tmut/Pois      0%         1d3       32%         1
 Poisonous Vapours        Pois/Air       0%         N/A       45%         2
 Vampiric Draining        Necr           0%         2d6       69%         3
 Olgreb's Toxic Radiance  Pois           0%         N/A       97%         4
 Agony                    Necr           0%         N/A       100%        5


Dungeon Overview and Level Annotations

Branches:
Dungeon (4/15)
 Temple: D:4-7

Altars:
Dithmenos

Annotations:
D:3 Terence


Innate Abilities, Weirdness & Mutations

You are a hulking beast.
Your limbs bulge with bestial killing power. (Slay +1)
You cannot wear most types of armour.
You are amphibious.
You can wear up to eight rings at the same time.
Your skin changes colour to match your surroundings (Stealth+).
Your rubbery body absorbs attacks. (AC +1, EV +1)
((You are camouflaged when in or above water. (Stealth+)))
You have tentacles for arms and can constrict up to eight enemies at once.


Message History

HP restored.
Found a stone staircase leading up.
Health restored: 23 You now have 141 gold pieces (gained 10).
You now have 147 gold pieces (gained 6).
Found a stone staircase leading down.
Found a shadowy altar of Dithmenos.
n - a scroll labelled SIECKO OKINIBB Key pressed, stopping explore.
No target in view!
o - a lumpy black potion Terence the Incautious comes into view.
He is wielding a +1 hand axe of freezing.
You have nothing you can fire or use right now.
You have nothing you can fire or use right now.
Found an escape hatch in the ceiling.
The helpless Terence fails to defend himself.
You tentacle-slap Terence. You grab Terence.
Terence is lightly wounded.
You constrict Terence, but do no damage.
Terence misses you.
You tentacle-slap Terence but do no damage.
Terence is lightly wounded.
You constrict Terence, but do no damage.
Terence hits you with a +1 hand axe of freezing.
Terence freezes you.
You take 9 damage, and have 14/23 hp.
MASSIVE DAMAGE!!
You tentacle-slap Terence but do no damage.
Terence is lightly wounded.
You constrict Terence. Terence barely misses you.
You barely miss Terence.
Terence is lightly wounded.
You constrict Terence, but do no damage.
Terence closely misses you.
You tentacle-slap Terence but do no damage.
Terence is lightly wounded.
You constrict Terence.
Terence hits you with a +1 hand axe of freezing!
* * * LOW HITPOINT WARNING * * *
Terence freezes you.
You die...

#.# #.# #.#
#.######
#####......#####
#...............
#.#####.#....##
#######.#
#...#..#
........#
#.#.h@##
.>.......
...##.##
.###.#.##
#........ .#
#.####.##.# .#
#. #.# # ## #.
#<# #.# #.#


You could see Terence.

Vanquished Creatures
  A bat (D:3)
  5 endoplasms
  A goblin (D:2)
  A hobgoblin (D:1)
  A quokka (D:1)
  5 ball pythons
  7 frilled lizards (D:1)
  3 kobolds
  3 rats (D:1)
27 creatures vanquished.

Notes
Turn   | Place    | Note
-------+----------+-------------------------------------------
     0 | D:1      | Dirtsage the Octopode Shapeshifter began the quest for the
                  | Orb.
     0 | D:1      | Reached XP level 1. HP: 13/13 MP: 1/1
   157 | D:1      | Reached XP level 2. HP: 18/18 MP: 2/2
  1052 | D:2      | You fall into a shaft and drop 2 floors!
  1058 | D:4      | Reached XP level 3. HP: 23/23 MP: 3/3
  1571 | D:3      | Found a shadowy altar of Dithmenos.
  1635 | D:3      | Noticed Terence
  1643 | D:3      | Slain by Terence

Illustrated notes

Levels and vault maps discovered:
D:1:      kennysheep_arrival_forest, layout_basic, minmay_lizard_king
D:2:      layout_basic
D:3:      layout_loops_ring, overflow_temple_1_default, minmay_ruptured,
          uniq_terence
D:4:      layout_cave_pools, serial_column_ruins, column_ruins_open_small_water,
          column_ruins_open_tiny, column_ruins_columns_dead_end,
          column_ruins_corridor_corner, column_ruins_open_large, uniq_pikel

Action                     || total
---------------------------++-------
  Melee: Unarmed           ||    40
         Constrict         ||     6
         Tentacles         ||     6
         Punch             ||     1
   Stab: Sleeping          ||     3
 Armour: Skin              ||     9
  Dodge: Dodged            ||    22

Table legend: (Time is in decaauts)
 A = Elapsed time spent in this place.
 B = Non-inter-level travel time spent in this place.
 C = Inter-level travel time spent in this place.
 D = Time resting spent in this place.
 E = Time spent auto-exploring this place.
 F = Levels seen in this place.
 G = Mean time per level.
                   A        B        C        D        E       F      G
               +--------+--------+--------+--------+--------+-----+--------+
         Total |   1639 |   1585 |     54 |      0 |   1408 |   4 |  409.8 |
       Dungeon |   1639 |   1585 |     54 |      0 |   1408 |   4 |  409.8 |
               +--------+--------+--------+--------+--------+-----+--------+

Top non-repeatable levels by time:
     D:2: 785 daAuts
     D:1: 685 daAuts
     D:3: 150 daAuts
     D:4: 17 daAuts
